 Dungeon Crawl Stone Soup version 0.18.1-1-g2f07953 (webtiles) character file.

424 Chiseanne the Ogre Mage (level 6, -2/94 HPs)
             Began as an Ogre Air Elementalist on May 7, 2016.
             Was an Initiate of Gozag.
             Slain by a hound (3 damage)
             ... on level 4 of the Dungeon.
             The game lasted 00:08:25 (4243 turns).

Chiseanne the Ogre Mage (Ogre Air Elementalist)     Turns: 4243, Time: 00:08:26

Health: -2/94      AC: 23    Str: 18 (19) XL:     6   Next: 96%
Magic:  1/13       EV:  1    Int: 13 (16) God:    Gozag
Gold:   425        SH:  0    Dex:  7 (10) Spells: 3 memorised, 9 levels left

rFire  . . .     SeeInvis .     g - +0 mace
rCold  . . .     Gourm    .     (armour currently unavailable)
rNeg   + + +     Faith    .     (no shield)
rPois  +         Spirit   .     (helmet currently unavailable)
rElec  .         Dismiss  .     (cloak currently unavailable)
rCorr  .         Reflect  .     (gloves unavailable)
SustAt .         Harm     .     (boots unavailable)
MR     .....     NoTele   +     (no amulet)
Stlth  ++........               (no ring)
                                (no ring)

@: mighty, lethally poisoned (-2 -> -4), tree-form, gold aura, very slightly
contaminated, hasted, invisible, very quick, not resistant to hostile
enchantments, unstealthy
A: unfitting armour, (tough skin 0)
a: Potion Petition, Call Merchant, Bribe Branch, Renounce Religion


You were on level 4 of the Dungeon.
You worshipped Gozag.
Gozag was noncommittal.
You were not hungry.
You were a tree.
You visited 1 branch of the dungeon, and saw 4 of its levels.

You collected 446 gold pieces.
You paid 21 gold pieces to Gozag.

Inventory:

Hand Weapons
 g - a +0 mace (weapon)
 u - a +0 giant spiked club
Missiles
 i - 184 stones (quivered)
 k - 17 bolts
 l - 22 arrows
 n - 18 sling bullets
 r - 31 poisoned needles
Armour
 a - a +0 robe (melded)
 m - a +1 hat (melded)
Scrolls
 j - 6 scrolls of remove curse
 p - a scroll of magic mapping
 v - a scroll of blinking
 w - a scroll of teleportation
Potions
 d - a potion of might
 o - a potion of degeneration
 q - a potion of flight
 x - a potion of lignification
Books
 b - a book of Air

   Spells                             Type                      Level
   a - Shock                          Conjuration/Air              1
   b - Swiftness                      Charms/Air                   2
   c - Repel Missiles                 Charms/Air                   2
   d - Static Discharge               Conjuration/Air              3
   e - Lightning Bolt                 Conjuration/Air              5
Miscellaneous
 f - a plain deck of changes {drawn: 2}
Comestibles
 c - 2 bread rations
 h - 3 meat rations


   Skills:
 * Level 4.6 Fighting
 - Level 1.7 Dodging
 - Level 1.5 Stealth
 * Level 5.0 Spellcasting
 - Level 0.6 Conjurations
 * Level 3.8 Air Magic


You had 9 spell levels left.
You knew the following spells:

 Your Spells              Type           Power        Failure   Level  Hunger
a - Shock                 Conj/Air       #...         10%         1    None
b - Repel Missiles        Chrm/Air       #.....       14%         2    ##.....
c - Static Discharge      Conj/Air       #.......     28%         3    ###....


Dungeon Overview and Level Annotations

Branches:
Dungeon (4/15)
 Temple: D:4-7

Altars:
Ashenzari
Gozag
Nemelex Xobeh
Qazlal
Xom


Innate Abilities, Weirdness & Mutations

You are too large for most types of armour.
((You have tough skin (AC +1).))


Message History

The worker ant waves its antennae.
The worker ant bites you.
* * * LOW HITPOINT WARNING * * *
You sock the worker ant!
You kill the worker ant!
Your Spellcasting skill increases to level 5!
* * * LOW HITPOINT WARNING * * *
You feel sick. The hound bites you but does no damage.
You closely miss the hound.
The hound is severely wounded.
The hound bites you but does no damage.
You barely miss the hound.
The hound is severely wounded.
* * * LOW HITPOINT WARNING * * *
You feel sick. The hound bites you but does no damage.
You closely miss the hound.
The hound is severely wounded.
The hound bites you.
You die...
Your body crumbles into a pile of gold.

...$..$...# #.#
.##..####.#
#######.####
..s.... ...
...........#
.......##..#
#######.##.#
s..........#
..#######.# #
............
..........##.#
###...####.
.#####......#
##.##
#.######.#.#..#
#...♣h........#
########.#.#.##
#..h..#
####.### #$a).#
..........#
######.#### #.
#.


You could see a hound.

Vanquished Creatures
  A water moccasin (D:4)
  An ogre (D:3)
  A scorpion (D:4)
  2 worker ants (D:4)
  4 adders
  2 worms
  A dart slug (D:1)
  2 giant geckos
  11 orcs
  2 giant cockroaches
  15 goblins
  7 hobgoblins
  8 jackals
  2 quokkas
  A ball python (D:1)
  8 bats
  6 giant newts
  5 kobolds
  A quokka zombie (D:3)
  3 rats
83 creatures vanquished.

Notes
Turn   | Place    | Note
--------------------------------------------------------------
     0 | D:1      | Chiseanne the Ogre Air Elementalist began the quest for the Orb.
     0 | D:1      | Reached XP level 1. HP: 16/16 MP: 3/3
   249 | D:1      | Reached XP level 2. HP: 24/24 MP: 1/5
   413 | D:1      | Reached skill level 3 in Spellcasting
   681 | D:1      | Reached XP level 3. HP: 31/31 MP: 7/7
   685 | D:1      | Learned a level 2 spell: Repel Missiles
   689 | D:1      | Learned a level 3 spell: Static Discharge
  1540 | D:2      | Found an opulent altar of Gozag.
  1545 | D:2      | Became a worshipper of Gozag Ym Sagoz the Greedy
  1588 | D:2      | Found a stormy altar of Qazlal.
  1895 | D:2      | Found a sparkling altar of Nemelex Xobeh.
  2028 | D:2      | Reached skill level 1 in Fighting
  2028 | D:2      | Reached XP level 4. HP: 28/41 MP: 0/9
  2392 | D:2      | Found a shimmering altar of Xom.
  2797 | D:3      | Noticed an ogre
  2818 | D:3      | Killed an ogre
  2818 | D:3      | Reached skill level 4 in Spellcasting
  2818 | D:3      | Reached XP level 5. HP: 41/50 MP: 0/11
  3658 | D:4      | Found a shattered altar of Ashenzari.
  3841 | D:4      | Reached XP level 6. HP: 28/62 MP: 1/12
  4206 | D:4      | Noticed a water moccasin
  4236 | D:4      | Killed a water moccasin
  4239 | D:4      | HP: 2/94 [worker ant (3)]
  4240 | D:4      | Reached skill level 5 in Spellcasting
  4243 | D:4      | Slain by a hound

Skill      XL: |  1  2  3  4  5  6 |
---------------+-------------------+-----
Spellcasting   | 3 4 5 |  5.0
Fighting       | 1 2 3 4 |  4.6
Air Magic      | 3 |  3.8
Dodging        | |  1.7
Stealth        | |  1.5
Conjurations   | |  0.6

Action                   |  1- 3 |  4- 6 || total
-------------------------+-------+-------++-------
Melee: Mace              |    64 |    96 ||   160
       Dagger            |     2 |       ||     2
Throw: Stone             |       |     2 ||     2
 Cast: Shock             |    61 |    93 ||   154
       Repel Missiles    |     1 |       ||     1
       Static Discharge  |       |     6 ||     6
Evoke: Deck              |       |     2 ||     2
  Use: Scroll            |     8 |     4 ||    12
       Potion            |       |     6 ||     6
 Stab: Sleeping          |     2 |     1 ||     3
       Distracted        |       |     1 ||     1
       Invisible         |       |     1 ||     1
  Eat: Fruit             |     7 |       ||     7
       Chunk             |     2 |       ||     2
       Bread ration      |       |     1 ||     1
Armor: Robe              |    45 |    39 ||    84
       Skin              |       |    10 ||    10
Dodge: Dodged            |    50 |    81 ||   131
       Deflected         |       |     1 ||     1
